[Event "Team 45 45 League T90"]
[Site "Internet Chess Club"]
[Date "2021.10.25"]
[Round "3"]
[White "piirimae"]
[Black "Andaluz"]
[Result "1-0"]
[WhiteElo "1294"]
[BlackElo "1295"]
[Opening "Sicilian: Alapin's variation (2.c3)"]
[ECO "B22"]
[Time "15:00:58"]
[PlyCount "59"]
[TimeControl "2700+45"]

1. e4 c5 2. c3 e6 3. d4 d5 4. exd5 Qxd5 5. Nf3 Nc6 6. Be3 Nf6 7. dxc5 Qxd1+ 8.
Kxd1 Ne4 9. b4 a6 10. Bd3 Nf6 11. Nbd2 Nd5 12. Kc2 Be7 13. a3 Bf6 14. Ne4 Nxe3+
15. fxe3 Be7 16. Rhd1 O-O 17. Rd2 g6 18. Rad1 Kg7 19. Nd6 Bf6 20. Be4 Nd8 21.
Nxc8 Rxc8 22. Rd7 Rb8 23. Rc7 Re8 24. Rdd7 Kf8 25. Bxb7 Kg7 26. Bxa6 Rf8 27. Bc4
Ra8 28. Ra7 Rxa7 29. Rxa7 Nc6 30. Rc7 {Black forfeits on time} 1-0

[Event "Team 45 45 League T90"]
[Site "Internet Chess Club"]
[Date "2021.10.24"]
[Round "3"]
[White "Toalla"]
[Black "smsxman"]
[Result "0-1"]
[WhiteElo "1126"]
[BlackElo "1258"]
[Opening "Queen's bishop game"]
[ECO "D02"]
[Time "14:02:37"]
[PlyCount "158"]
[TimeControl "2700+45"]

1. d4 Nf6 2. Nf3 d5 3. Bf4 Nc6 4. e3 Bd7 5. a3 g6 6. c4 a6 7. Nc3 e6 8. Bd3 Bg7
9. O-O O-O 10. c5 b6 11. b4 Nh5 12. Bg5 Qe8 13. Rc1 bxc5 14. bxc5 Qc8 15. Rb1
Re8 16. Re1 Nd8 17. Bc2 Nb7 18. e4 Nxc5 19. exd5 Nb7 20. Ne5 Rb8 21. Bb3 exd5
22. Nxd7 Qxd7 23. Rxe8+ Qxe8 24. Nxd5 Nd6 25. Nxc7 Qc8 26. Nd5 Qb7 27. Ba2 Qa8
28. Ne7+ Kf8 29. Rxb8+ Qxb8 30. Nc6 Qb7 31. Be7+ Kg8 32. d5 Nf5 33. d6 Qxc6 34.
d7 Nxe7 35. d8=Q+ Bf8 36. Bd5 Nxd5 37. Q8xd5 Qc8 38. Qd8 Qc6 39. Qa1 Ng7 40. g3
Ne8 41. Qdd4 Bg7 42. Qdb2 Bxb2 43. Qxb2 Qe6 44. Kg2 h5 45. h3 Nd6 46. Qb8+ Ne8
47. Qb2 f6 48. Qc2 Kg7 49. f3 Nd6 50. Qc7+ Nf7 51. Qb7 Qe2+ 52. Kg1 Qe6 53. Kg2
f5 54. h4 Kf6 55. Qb2+ Ke7 56. Qb7+ Kf6 57. Qb2+ Qe5 58. Qb7 Qb5 59. Qa7 Qb2+
60. Kh3 Qxa3 61. Qd4+ Ke7 62. Qa7+ Ke6 63. f4 Nd6 64. Qb6 a5 65. Qb8 Ne4 66.
Qe5+ Kf7 67. Qd5+ Kg7 68. Qd4+ Kf7 69. Qd5+ Kf8 70. Qa8+ Ke7 71. Qb7+ Ke6 72.
Qc8+ Kd5 73. Qg8+ Kd4 74. Qg7+ Kc4 75. Qf7+ Kd3 76. Qxg6 Kd2 77. Qg8 Qxg3+ 78.
Qxg3 Nxg3 79. Kxg3 a4 {White resigns} 0-1

[Event "Team 45 45 League T90"]
[Site "Internet Chess Club"]
[Date "2021.10.21"]
[Round "3"]
[White "burlap"]
[Black "kabubi"]
[Result "1/2-1/2"]
[WhiteElo "1071"]
[BlackElo "1143"]
[Opening "Queen's pawn: London system"]
[ECO "A45"]
[Time "17:00:24"]
[PlyCount "53"]
[TimeControl "2700+45"]

1. d4 Nf6 2. Bf4 g6 3. e3 Bg7 4. Nd2 d5 5. Bd3 O-O 6. h3 Nc6 7. Ngf3 e6 8. c3
Nd7 9. O-O Re8 10. Ne5 Ncxe5 11. dxe5 Nxe5 12. Bxe5 Bxe5 13. Nf3 Bg7 14. e4 c5
15. Re1 Qb6 16. exd5 Qxb2 17. Qa4 Kf8 18. Ng5 Re7 19. Nxh7+ Kg8 20. Qh4 Re8 21.
Nf6+ Bxf6 22. Qxf6 Bd7 23. Reb1 Qd2 24. Bb5 Rad8 25. Bxd7 Rxd7 26. Rd1 Qe2 27.
Re1 {Game drawn by mutual agreement} 1/2-1/2

[Event "Team 45 45 League T90"]
[Site "Internet Chess Club"]
[Date "2021.10.23"]
[Round "3"]
[White "rookmaster23"]
[Black "Gojira"]
[Result "0-1"]
[WhiteElo "1630"]
[BlackElo "1567"]
[Opening "Sicilian: accelerated fianchetto, modern variation with Bc4"]
[ECO "B35"]
[Time "23:00:13"]
[PlyCount "44"]
[TimeControl "2700+45"]

1. e4 c5 2. Nf3 g6 3. d4 cxd4 4. Nxd4 Nc6 5. Nc3 Bg7 6. Be3 Nf6 7. Bc4 O-O 8.
Bb3 d6 9. h3 Bd7 10. O-O Nxd4 11. Bxd4 b5 12. Re1 a5 13. a4 b4 14. Nd5 Nxd5 15.
Bxd5 Rc8 16. Bb3 Bxd4 17. Qxd4 Rc5 18. e5 Rxe5 19. Rxe5 dxe5 20. Qxe5 Bc6 21.
Rd1 Qxd1+ 22. Kh2 Qd6 {White resigns} 0-1

[Event "Team 45 45 League T90"]
[Site "Internet Chess Club"]
[Date "2021.10.24"]
[Round "3"]
[White "RD1974"]
[Black "liujf"]
[Result "1/2-1/2"]
[WhiteElo "1537"]
[BlackElo "1595"]
[Opening "Queen's pawn game, Darooha variation "]
[ECO "D11"]
[Time "20:00:40"]
[PlyCount "151"]
[TimeControl "2700+45"]

1. Nf3 d5 2. d4 Nf6 3. c4 c6 4. Bg5 Bf5 5. Nc3 dxc4 6. a4 Qc7 7. Bxf6 exf6 8. e4
Bg6 9. Nh4 Bb4 10. Nxg6 hxg6 11. h3 Qf4 12. Qc2 Rh4 13. Kd1 Bxc3 14. bxc3 Qxe4
15. Qxe4+ Rxe4 16. Bxc4 Nd7 17. Re1 Rxe1+ 18. Kxe1 Nb6 19. Bb3 Nd5 20. Bxd5 cxd5
21. Rb1 Rb8 22. a5 Kd7 23. Kd2 Kc6 24. f3 Re8 25. Kd3 f5 26. Kd2 g5 27. Rb4 g4
28. c4 gxf3 29. gxf3 Re7 30. cxd5+ Kxd5 31. Rb5+ Kxd4 32. Rxf5 g6 33. Rg5 Re5
34. Rg4+ Kd5 35. Rb4 Kc6 36. Ra4 Kb5 37. Rd4 Kxa5 38. Rd7 Rf5 39. Rxb7 Ka6 40.
Rb3 Rh5 41. f4 Rh4 42. Rf3 f5 43. Kc3 Kb5 44. Kd4 a5 45. Kc3 a4 46. Kd2 Rh8 47.
Kc2 Kb4 48. Rg3 Rc8+ 49. Kb2 Rc6 50. h4 Rc4 51. Rf3 Re4 52. Rf2 Re3 53. Rd2 Re4
54. Rf2 Kc4 55. Kc2 a3 56. Kb1 Re3 57. Ka2 Rb3 58. Rc2+ Kb4 59. Rc6 Rb2+ 60. Ka1
Rg2 61. Rb6+ Kc5 62. Ra6 a2 63. Rf6 Kd5 64. h5 Ke4 65. h6 Kxf4 66. h7 Rh2 67.
Rxg6 Ke3 68. Re6+ Kd4 69. Re7 Kc3 70. Rc7+ Kb3 71. Rb7+ Ka3 72. Ra7+ Kb3 73.
Rb7+ Kc4 74. Rf7 Kb3 75. Rb7+ Ka4 76. Rf7 {Game drawn by mutual agreement}
1/2-1/2

[Event "Team 45 45 League T90"]
[Site "Internet Chess Club"]
[Date "2021.10.23"]
[Round "3"]
[White "cayo89"]
[Black "WillC"]
[Result "1/2-1/2"]
[WhiteElo "1533"]
[BlackElo "1433"]
[Opening "Pirc defense"]
[ECO "B07"]
[Time "10:27:03"]
[PlyCount "95"]
[TimeControl "2700+45"]

1. d4 Nf6 2. Nc3 g6 3. e4 d6 4. Bf4 Bg7 5. Qd2 Nc6 6. Nf3 Bg4 7. Be2 Bxf3 8.
Bxf3 e5 9. dxe5 Nxe5 10. Be2 Qe7 11. f3 a6 12. Nd5 Qd7 13. Bg5 Nxd5 14. exd5 O-O
15. O-O-O Qa4 16. Kb1 b5 17. Bh6 Nc4 18. Bxc4 Qxc4 19. Bxg7 Kxg7 20. Rhe1 Rfe8
21. Qa5 Re5 22. Rxe5 dxe5 23. b3 Qc5 24. c4 f5 25. cxb5 Ra7 26. Rc1 Qxd5 27.
Rxc7+ Rxc7 28. Qxc7+ Kh6 29. b6 Qd3+ 30. Kb2 Qd2+ 31. Kb1 Qd3+ 32. Qc2 Qb5 33.
Qd2+ f4 34. Qf2 Qd3+ 35. Kc1 Qc3+ 36. Kd1 Qa1+ 37. Ke2 Qxa2+ 38. Kf1 Qb1+ 39.
Qe1 Qxb3 40. Qh4+ Kg7 41. Qe7+ Kh6 42. b7 Qd1+ 43. Kf2 Qd2+ 44. Kf1 Qd1+ 45. Kf2
Qd2+ 46. Kf1 Qd1+ 47. Kf2 Qd2+ 48. Kf1 {Game drawn by repetition} 1/2-1/2

[Event "Team 45 45 League T90"]
[Site "Internet Chess Club"]
[Date "2021.10.24"]
[Round "3"]
[White "gduranko"]
[Black "piirimae"]
[Result "1-0"]
[WhiteElo "1417"]
[BlackElo "1276"]
[Opening "French: MacCutcheon, advance variation"]
[ECO "C12"]
[Time "14:05:34"]
[PlyCount "59"]
[TimeControl "2700+45"]

1. e4 e6 2. d4 d5 3. Nc3 Nf6 4. Bg5 Bb4 5. e5 h6 6. Bxf6 Bxc3+ 7. bxc3 gxf6 8.
Qg4 Kf8 9. f4 f5 10. Qh5 Nd7 11. Nf3 c5 12. Bd3 Qa5 13. Ng5 Qxc3+ 14. Ke2 hxg5
15. Qxh8+ Ke7 16. dxc5 Qxc5 17. fxg5 d4 18. g6 Qxe5+ 19. Qxe5 Nxe5 20. gxf7 Kxf7
21. Rab1 b6 22. h3 Bb7 23. Rhg1 Rg8 24. Kf2 Rc8 25. Rge1 Nxd3+ 26. cxd3 Rc2+ 27.
Re2 Rxe2+ 28. Kxe2 Bxg2 29. h4 Kg6 30. Rg1 {Black resigns} 1-0

[Event "Team 45 45 League T90"]
[Site "Internet Chess Club"]
[Date "2021.10.19"]
[Round "3"]
[White "VictorRed"]
[Black "fhunfi"]
[Result "0-1"]
[WhiteElo "1655"]
[BlackElo "1776"]
[Opening "Queen's pawn"]
[ECO "A40"]
[Time "23:00:08"]
[PlyCount "28"]
[TimeControl "2700+45"]

1. d4 e6 2. Nf3 f5 3. Nc3 Bb4 4. Bd2 Nf6 5. e3 b6 6. Be2 Bb7 7. O-O O-O 8. a3
Bxc3 9. Bxc3 Ne4 10. Bb4 d6 11. Bc4 Qf6 12. Nd2 Qg6 13. Nxe4 fxe4 14. Be2 Nd7
{White forfeits on time} 0-1

[Event "Team 45 45 League T90"]
[Site "Internet Chess Club"]
[Date "2021.10.21"]
[Round "3"]
[White "fireball"]
[Black "kabindra"]
[Result "1-0"]
[WhiteElo "1547"]
[BlackElo "1648"]
[Opening "Giuoco Piano"]
[ECO "C54"]
[Time "12:01:24"]
[PlyCount "69"]
[TimeControl "2700+45"]

1. e4 e5 2. Nf3 Nc6 3. Bc4 Nf6 4. c3 Bc5 5. d4 exd4 6. e5 Ne4 7. cxd4 Bb4+ 8.
Bd2 Bxd2+ 9. Nbxd2 Nxd2 10. Qxd2 O-O 11. O-O d5 12. Be2 h6 13. Rac1 Be6 14. a3
Ne7 15. h3 Ng6 16. Nh2 c6 17. f4 Bf5 18. g4 Be4 19. Bf3 f5 20. exf6 Qxf6 21.
Bxe4 dxe4 22. Qe3 Rae8 23. Rc5 Nxf4 24. Rf5 Nd5 25. Rxd5 Qxf1+ 26. Nxf1 cxd5 27.
Qb3 Rf3 28. Qxd5+ Kh8 29. Kg2 Ref8 30. Nh2 Rf2+ 31. Kg3 e3 32. Qe4 e2 33. b4
R8f4 34. Qe3 Rf6 35. Qxf2 {Black resigns} 1-0

[Event "Team 45 45 League T90"]
[Site "Internet Chess Club"]
[Date "2021.10.23"]
[Round "3"]
[White "smsxman"]
[Black "Toalla"]
[Result "1-0"]
[WhiteElo "1241"]
[BlackElo "1137"]
[Opening "Old Benoni: Franco-Benoni defense"]
[ECO "B21"]
[Time "14:04:06"]
[PlyCount "69"]
[TimeControl "2700+45"]

1. e4 c5 2. d4 e6 3. d5 exd5 4. exd5 g6 5. Nf3 Bg7 6. Bc4 Nf6 7. Qe2+ Qe7 8. O-O
Qxe2 9. Bxe2 Nxd5 10. Re1 O-O 11. Bc4 Nb6 12. Bf1 d6 13. c3 N8d7 14. Bf4 d5 15.
Nbd2 Nf6 16. Bd6 Re8 17. Bxc5 Na4 18. Ba3 Bd7 19. Ne5 Bc6 20. Nxc6 bxc6 21. Nf3
Ng4 22. h3 Ne5 23. Nxe5 Bxe5 24. g3 Bg7 25. Ba6 Bf8 26. Bb7 Rad8 27. Rxe8 Rxe8
28. Bxc6 Bxa3 29. bxa3 Rc8 30. Bxa4 Rxc3 31. Bb3 d4 32. a4 d3 33. Kf1 Kg7 34.
Ke1 f5 35. Kd2 {Black resigns} 1-0

[Event "Team 45 45 League T90"]
[Site "Internet Chess Club"]
[Date "2021.10.24"]
[Round "3"]
[White "oldsj"]
[Black "Gojira"]
[Result "0-1"]
[WhiteElo "1398"]
[BlackElo "1576"]
[Opening "Sicilian: Hungarian variation"]
[ECO "B34"]
[Time "09:01:23"]
[PlyCount "108"]
[TimeControl "2700+45"]

1. e4 c5 2. Nf3 g6 3. d4 cxd4 4. Nxd4 Nc6 5. Be3 Nf6 6. f3 Bg7 7. Nc3 O-O 8. Qd2
d5 9. Nxc6 bxc6 10. e5 Nd7 11. f4 e6 12. O-O-O Qa5 13. Kb1 Ba6 14. Ne4 Qxd2 15.
Rxd2 Bxf1 16. Rxf1 Nxe5 17. fxe5 dxe4 18. Bc5 Rfd8 19. Rxd8+ Rxd8 20. Bxa7 Bxe5
21. Be3 Bxh2 22. a4 Rd5 23. b4 Bd6 24. a5 Bxb4 25. a6 Bc5 26. a7 Bxa7 27. Bxa7
Rb5+ 28. Kc1 Ra5 29. Bd4 f5 30. Kd2 Rd5 31. Ke3 e5 32. Ba1 h5 33. Rb1 Rc5 34. c3
Kf7 35. c4 Kf6 36. Rd1 Ke6 37. Rc1 Ra5 38. Bc3 Ra2 39. g3 g5 40. Bb4 Rg2 41. Be1
Rb2 42. Rd1 Rb3+ 43. Kf2 Rf3+ 44. Kg2 f4 45. c5 Re3 46. Rd6+ Kf5 47. Bf2 f3+ 48.
Kf1 Rc3 49. Rxc6 e3 50. Be1 Rc1 51. Rc8 f2 52. Rf8+ Kg4 53. Rxf2 exf2 54. Kxf2
Rxc5 {White resigns} 0-1

[Event "Team 45 45 League T90"]
[Site "Internet Chess Club"]
[Date "2021.10.24"]
[Round "3"]
[White "rkjulianjr"]
[Black "BrerRabbit"]
[Result "1/2-1/2"]
[WhiteElo "1333"]
[BlackElo "1339"]
[Opening "QGD Slav defense: exchange variation"]
[ECO "D10"]
[Time "09:02:40"]
[PlyCount "75"]
[TimeControl "2700+45"]

1. d4 d5 2. c4 c6 3. cxd5 cxd5 4. Bf4 Nf6 5. e3 Nc6 6. Nc3 Bf5 7. Qb3 Na5 8.
Qa4+ Bd7 9. Qc2 e6 10. Bd3 Bb4 11. Qe2 Rc8 12. Rc1 O-O 13. Nf3 Bxc3+ 14. bxc3
Nc4 15. O-O Nh5 16. Bg3 Nxg3 17. hxg3 a6 18. Nd2 Nb2 19. f4 Nxd3 20. Qxd3 Qa5
21. Qc2 Qa4 22. Nb3 b6 23. Kf2 Bb5 24. Rh1 g6 25. Rh2 Kg7 26. Rch1 Rh8 27. g4
Qc4 28. Rc1 Rc7 29. f5 Rhc8 30. Qd1 Qd3 31. f6+ Kxf6 32. Qf3+ Kg7 33. Rch1 Rh8
34. g5 Qf5 35. Qxf5 exf5 36. Rc1 Rhc8 37. Rch1 Rh8 38. Rc1 {Game drawn by mutual
agreement} 1/2-1/2

[Event "Team 45 45 League T90"]
[Site "Internet Chess Club"]
[Date "2021.10.24"]
[Round "3"]
[White "Ostap-Bender"]
[Black "CMAlge"]
[Result "0-1"]
[WhiteElo "1221"]
[BlackElo "1232"]
[Opening "Ruy Lopez: Berlin defense, open variation"]
[ECO "C67"]
[Time "16:02:52"]
[PlyCount "90"]
[TimeControl "2700+45"]

1. e4 e5 2. Nf3 Nc6 3. Bb5 Nf6 4. O-O Nxe4 5. Re1 Nd6 6. Nxe5 Be7 7. d4 Nxb5 8.
Nxf7 Kxf7 9. Qh5+ Kg8 10. Qxb5 Nxd4 11. Qd5+ Ne6 12. Bf4 c6 13. Qe4 d5 14. Qe3
Nxf4 15. Qxe7 Qxe7 16. Rxe7 Kf8 17. Re3 Kf7 18. Rf3 g5 19. g3 Bg4 20. Re3 Ng6
21. Nd2 Rae8 22. Rae1 Rxe3 23. Rxe3 Re8 24. Nf1 Rxe3 25. Nxe3 Be6 26. a3 d4 27.
Nf1 Bd5 28. Nd2 Ne5 29. Kf1 Nf3 30. Nxf3 Bxf3 31. Ke1 Ke6 32. Kd2 Ke5 33. b4 b5
34. c3 dxc3+ 35. Kxc3 Kd5 36. h4 gxh4 37. gxh4 Ke4 38. Kd2 Kd4 39. Kc2 Kc4 40.
Kd2 Kb3 41. Ke3 Bd5 42. f4 Kxa3 43. f5 Kxb4 44. Kf4 a5 45. Kg5 a4 {White
resigns} 0-1

[Event "Team 45 45 League T90"]
[Site "Internet Chess Club"]
[Date "2021.10.23"]
[Round "3"]
[White "Fulmar"]
[Black "stantheman59"]
[Result "1-0"]
[WhiteElo "1275"]
[BlackElo "1190"]
[Opening "Sicilian: closed"]
[ECO "B23"]
[Time "18:04:17"]
[PlyCount "83"]
[TimeControl "2700+45"]

1. e4 c5 2. Nc3 g6 3. g3 Bg7 4. Bg2 e6 5. Nge2 Ne7 6. d3 b6 7. O-O Bb7 8. f4 d5
9. e5 Bc6 10. Kh1 O-O 11. Ng1 d4 12. Ne4 Nf5 13. Qe2 Kh8 14. Nh3 h6 15. Bd2 a5
16. a4 b5 17. axb5 Bxb5 18. Nxc5 Bc6 19. Bxc6 Nxc6 20. Ra4 Qd5+ 21. Ne4 Rfb8 22.
Rb1 Bf8 23. Kg1 Be7 24. b3 Nb4 25. Bxb4 axb4 26. Rba1 Rxa4 27. Rxa4 Ra8 28.
Rxa8+ Qxa8 29. Kf2 Qa2 30. Kf3 Ne3 31. Nd6 Kg8 32. Qd2 Nxc2 33. Qc1 Qxb3 34. Ke2
Bxd6 35. exd6 Kf8 36. f5 gxf5 37. Qxh6+ Kg8 38. Ng5 Qxd3+ 39. Kxd3 Ne1+ 40. Ke2
d3+ 41. Kd1 Nf3 42. Qh7+ {Black resigns} 1-0

[Event "Team 45 45 League T90"]
[Site "Internet Chess Club"]
[Date "2021.10.24"]
[Round "3"]
[White "Denis240964"]
[Black "marioseixas1992"]
[Result "0-1"]
[WhiteElo "1357"]
[BlackElo "1461"]
[Opening "King's Indian, 3.Nf3"]
[ECO "E60"]
[Time "09:00:58"]
[PlyCount "60"]
[TimeControl "2700+45"]

1. d4 Nf6 2. c4 g6 3. Nf3 Bg7 4. e3 O-O 5. Nc3 d6 6. Bd3 Nbd7 7. e4 e5 8. d5 Ne8
9. Be3 f5 10. Bg5 Ndf6 11. O-O f4 12. h3 h6 13. Bxf6 Nxf6 14. Qc2 g5 15. Nh2 h5
16. f3 g4 17. fxg4 hxg4 18. hxg4 Nxg4 19. Qe2 Nxh2 20. Kxh2 Qh4+ 21. Kg1 Rf6 22.
Qf2 Qh7 23. Qf3 Rg6 24. Be2 Bh3 25. Rf2 Rf8 26. Bf1 Bg4 27. Qd3 f3 28. Rd2 Qh4
29. Rf2 Rh6 30. Rd2 f2+ {White resigns} 0-1

[Event "Team 45 45 League T90"]
[Site "Internet Chess Club"]
[Date "2021.10.20"]
[Round "3"]
[White "g8wrb"]
[Black "gregorgg"]
[Result "0-1"]
[WhiteElo "1259"]
[BlackElo "1380"]
[Opening "Sicilian: Alapin's variation (2.c3)"]
[ECO "B22"]
[Time "13:44:24"]
[PlyCount "86"]
[TimeControl "2700+45"]

1. e4 c5 2. c3 Nf6 3. e5 Nd5 4. Nf3 d6 5. exd6 Qxd6 6. Be2 e5 7. O-O Be7 8. c4
Nf4 9. Nc3 Qg6 10. g3 Nxe2+ 11. Qxe2 Bg4 12. Qe3 Bxf3 13. Qxf3 Nc6 14. d3 O-O
15. Nd5 Bd6 16. Bd2 Nd4 17. Qe4 Qxe4 18. dxe4 Nf3+ 19. Kh1 Nxd2 20. Rfd1 Nxe4
21. Kg2 Rad8 22. Rd3 f5 23. Rad1 b6 24. f3 Nf6 25. Nxb6 axb6 26. Rxd6 Rxd6 27.
Rxd6 Rb8 28. Kf2 Kf7 29. b3 Ke7 30. Rd2 e4 31. Ke3 exf3 32. Kxf3 g5 33. h3 Ne4
34. Rd3 Ke6 35. g4 Nd6 36. gxf5+ Nxf5 37. Rd5 Nd4+ 38. Kg3 h6 39. h4 Nf5+ 40.
Kh3 Nxh4 41. Kg4 Rf8 42. Kh5 Nf5 43. Kg6 Ne7+ {White resigns} 0-1

[Event "Team 45 45 League T90"]
[Site "Internet Chess Club"]
[Date "2021.10.23"]
[Round "3"]
[White "Megasus"]
[Black "SeniorCitizen"]
[Result "1-0"]
[WhiteElo "1481"]
[BlackElo "1295"]
[Opening "Queen's pawn game"]
[ECO "D02"]
[Time "12:35:51"]
[PlyCount "69"]
[TimeControl "2700+45"]

1. Nf3 d5 2. d4 e6 3. c3 Nf6 4. Nbd2 Be7 5. h3 h6 6. e3 O-O 7. Qc2 c5 8. b3 Nbd7
9. Bb2 a6 10. a3 b5 11. c4 Bb7 12. cxb5 axb5 13. Bxb5 Qa5 14. Qd3 Ba6 15. Bxa6
c4 16. bxc4 Qxa6 17. O-O Rfc8 18. Rfc1 Ne4 19. Nxe4 dxe4 20. Qxe4 Rab8 21. Qc2
Nb6 22. c5 Na4 23. Bc3 Bxc5 24. dxc5 Rxc5 25. Qd2 Rd5 26. Qe1 Rc8 27. Bd4 f6 28.
Qb4 Rxc1+ 29. Rxc1 Rb5 30. Rc8+ Kh7 31. Qf8 Rb1+ 32. Kh2 e5 33. Qg8+ Kg6 34.
Nh4+ Kh5 35. Qxg7 {Black resigns} 1-0